AoeStats
← Pr Hapi

Arabia

510832995Analyzed
1v1 RM · 15h ago on Oct 2, 2026· 57m 6s· 2 players
Game mode
Random Map
Map size
Tiny (2 player)
Population
200
Speed
Normal
Resources
Standard
Victory
Conquest
Starting age
Dark Age
Ending age
Imperial Age
RankedLock teamsTeams togetherTeam positionsShared explorationLock speedFull tech treeHidden civsTurbo modeCheats
Victory
Defeat
🇫🇮 Franks · Finland
1008
+16
🇬🇧 Inca · United Kingdom
1005
-16
WookyB
6:40 Loom
9:26 Feudal Age
9:32 Champi Runner
16:00 Double-Bit Axe
15:59 Horse Collar
21:12 Castle Age
21:14 Stone Mining
23:49 Pikeman
24:31 Squires
24:36 Scale Mail Armor
24:47 Forging
29:38 Bow Saw
31:04 Champi Warrior
31:53 Arson
38:13 Crossbowman
38:59 Thumb Ring
38:46 Fletching
38:56 Padded Archer Armor
39:25 Ballistics
46:08 Bodkin Arrow
46:29 Leather Archer Armor
52:13 Imperial Age
52:21 Capped Ram
52:24 Halberdier
52:26 Arbalester
53:46 Ring Archer Armor
53:32 Chain Mail Armor
54:11 Siege Ram
55:08 Elite Champi Warrior
Pr Hapi
11:25 Feudal Age
10:19 Loom
13:21 Man-at-Arms
15:28 Double-Bit Axe
21:30 Gold Mining
24:02 Castle Age
22:27 Forging
22:25 Scale Mail Armor
28:35 Bow Saw
29:07 Iron Casting
30:58 Scale Barding Armor
32:03 Long Swordsman
33:33 Chain Barding Armor
37:12 Gambesons
37:28 Squires
37:35 Stone Mining
38:38 Wheelbarrow
39:37 Gold Shaft Mining
38:57 Town Watch
39:33 Husbandry
39:55 Chain Mail Armor
42:26 Imperial Age
40:15 Hand Cart
40:43 Masonry
42:09 Treadmill Crane
42:35 Murder Holes
43:18 Two-Handed Swordsman
44:36 Champion
45:49 Plate Mail Armor
46:20 Blast Furnace
45:12 Cavalier
46:39 Plate Barding Armor
46:33 Fletching
48:11 Paladin
53:34 Elite Throwing Axeman
54:17 Chivalry
55:14 Conscription
55:33 Bodkin Arrow
55:51 Siege Engineers
Connection lost

Rejoining the realm…

Still unreachable

The connection could not be restored.

Session expired

The server has moved on; the page needs a fresh start.